 Dungeon Crawl Stone Soup version 0.17-a0-2073-gde5cdba (webtiles) character file.

436 graki42 the Insei (level 7, -4/45 HPs)
             Began as an Octopode Transmuter on Oct 14, 2015.
             Shot with an arrow by a centaur (14 damage)
             ... on level 5 of the Dungeon.
             The game lasted 00:17:38 (4324 turns).

graki42 the Insei (Octopode Transmuter)             Turns: 4324, Time: 00:17:38

Health: -4/45      AC:  2    Str: 10    XL:     7   Next: 1%
Magic:  8/12       EV: 21    Int: 15    God:
Gold:   89         SH:  0    Dex: 17    Spells: 2 memorised, 8 levels left

rFire  . . .     SeeInvis .       - Unarmed
rCold  . . .     Clarity  +     (shield currently unavailable)
rNeg   . . .     SustAt   .     (helmet currently unavailable)
rPois  x         Gourm    .     (no amulet)
rElec  .         Spirit   .     p - ring of stealth
rCorr  .         Warding  .     u - ring of stealth
rMut   .         Rnd*Tele +     z - ring of teleportation (curse)
MR     .....                    (no ring)
Stlth  +++++.....               (no ring)
                                (no ring)
                                (no ring)
                                (no ring)

@: spider-form (expiring), not resistant to hostile enchantments, quite stealthy
A: almost no armour, amphibious, 8 rings, (constrict 8), (camouflage 0),
clarity, clumsy 1, (fire resistance 0), (gelatinous body 0), no device heal 1
a: End Transformation, Evoke Teleportation


You were on level 5 of the Dungeon.
You were not hungry.
You were a venomous arachnid creature.
You visited 1 branch of the dungeon, and saw 5 of its levels.

You collected 89 gold pieces.

Inventory:

Missiles
 a - 53 arrows
Jewellery
 p - a ring of stealth (left front leg)
 u - a ring of stealth (right front leg)
 z - a cursed ring of teleportation (on tentacle)
Wands
 y - a wand of digging (13)
Scrolls
 d - a scroll of identify
 e - a scroll of immolation {unknown}
 f - a scroll of teleportation {unknown}
 k - a scroll of magic mapping {unknown}
 l - a scroll of remove curse {unknown}
 m - a scroll of enchant weapon {unknown}
 v - a scroll of amnesia {unknown}
 x - a scroll of blinking {unknown}
 A - a scroll of fear {unknown}
Potions
 j - a potion of cancellation
 n - 2 potions of poison {unknown}
 o - a potion of heal wounds {unknown}
 q - a potion of curing
 r - a potion of invisibility
 s - 2 potions of agility {unknown}
 t - a potion of brilliance {unknown}
 w - a potion of magic {unknown}
Books
 b - a book of Changes

   Spells                             Type                      Level
   a - Beastly Appendage              Transmutation                1
   b - Sticks to Snakes               Transmutation                2
   c - Spider Form                    Transmutation/Poison         3
   d - Ice Form                       Ice/Transmutation            4
   e - Blade Hands                    Transmutation                5
Comestibles
 c - 2 bread rations
 g - 5 fruits
 i - 3 meat rations
 B - 4 chunks of flesh


   Skills:
 + Level 2.0 Fighting
 + Level 3.2 Dodging
 + Level 3.5 Stealth
 + Level 4.2 Unarmed Combat
 + Level 3.4 Spellcasting
 + Level 3.7 Transmutations
 + Level 1.0 Poison Magic


You had 8 spell levels left.
You knew the following spells:

 Your Spells              Type           Power        Failure   Level  Hunger
a - Beastly Appendage     Trmt           ##....       14%         1    None
b - Spider Form           Trmt/Pois      #.........   45%         3    ###....


Dungeon Overview and Level Annotations

Branches:
Dungeon (5/15)
 Temple: D:4-7

Altars:
Sif Muna
Trog
Xom
Yredelemnul
The Shining One


Innate Abilities, Weirdness & Mutations

You cannot wear most types of armour.
You are amphibious.
You can wear up to eight rings at the same time.
((You can use your tentacles to constrict eight enemies at once.))
((Your skin changes colour to match your surroundings (Stealth).))
((Your rubbery body absorbs attacks (AC +1).))
You possess an exceptional clarity of mind.
You are clumsy. (Dex -2)
((Your flesh is heat resistant.))
Potions and wands are less effective at restoring your health.


Message History

The centaur misses you.
You hit the centaur but do no damage.
The centaur looks even sicker.
The centaur is lightly wounded.
The centaur hits you. The centaur misses you.
You hit the centaur.
The centaur is heavily wounded.
Your transformation is almost over.
The centaur closely misses you.
You hit the centaur but do no damage.
The centaur is heavily wounded.
The centaur hits you!
You hit the centaur.
The centaur is severely wounded.
The centaur hits you!
* * * LOW HITPOINT WARNING * * *
The centaur completely misses you. The centaur closely misses you.
The centaur wields an uncursed shortbow of flaming.
It bursts into flame!
The centaur shoots an arrow.
The arrow hits you!
You die...

##########
#.........
######c........
.###...>..........
.......s#.........
.#...##.#.........
#.##.#.#.........
#.......((.#####
....#<##..########
## #............)
#####..######
#.....# ##.##.#


You could see a centaur.

Vanquished Creatures
  An ogre (D:4)
  A sky beast (D:5)
  An orc priest (D:4)
  An orc wizard (D:4)
  2 worker ants (D:4)
  4 adders
  3 gnolls
  2 oozes
  A worm (D:3)
  14 orcs
  11 bats
  7 hobgoblins
  3 jackals (D:4)
  A quokka (D:4)
  2 ball pythons
  3 giant cockroaches
  4 giant newts
  8 goblins
  6 kobolds
  2 quokka skeletons
  23 rats
  2 plants (D:3)
102 creatures vanquished.

Vanquished Creatures (others)
  A plant (D:3)
1 creature vanquished.

Grand Total: 103 creatures vanquished

Notes
Turn   | Place    | Note
--------------------------------------------------------------
     0 | D:1      | graki42 the Octopode Transmuter began the quest for the Orb.
     0 | D:1      | Reached XP level 1. HP: 13/13 MP: 3/3
    30 | D:1      | Reached XP level 2. HP: 12/18 MP: 3/5
   603 | D:1      | Reached XP level 3. HP: 16/23 MP: 4/6
  1100 | D:2      | You fall through a shaft for 2 floors!
  1129 | D:4      | Noticed an ogre
  1141 | D:3      | Found a bloodstained altar of Trog.
  1651 | D:3      | Reached XP level 4. HP: 28/28 MP: 4/7
  1669 | D:3      | Reached skill level 1 in Stealth
  1951 | D:3      | HP: 1/28 [poisoned by a kobold]
  2185 | D:3      | Found a shimmering altar of Xom.
  2658 | D:3      | Reached XP level 5. HP: 2/33 MP: 5/8
  2938 | D:3      | Learned a level 3 spell: Spider Form
  2972 | D:4      | Killed an ogre
  3204 | D:4      | Reached XP level 6. HP: 35/39 MP: 10/10
  3215 | D:4      | Found a basalt altar of Yredelemnul.
  3310 | D:4      | Reached skill level 4 in Unarmed Combat
  3393 | D:5      | Entered Level 5 of the Dungeon
  3763 | D:4      | Found a glowing golden altar of the Shining One.
  4009 | D:4      | Found a deep blue altar of Sif Muna.
  4152 | D:4      | Gained mutation: Your flesh is heat resistant. [potion of beneficial mutation]
  4249 | D:5      | Reached skill level 1 in Poison Magic
  4256 | D:5      | Gained mutation: Potions and wands are less effective at restoring your health. [mutagenic meat]
  4257 | D:5      | Gained mutation: You possess an exceptional clarity of mind. [mutagenic meat]
  4258 | D:5      | Gained mutation: You are clumsy. (Dex -2) [mutagenic meat]
  4296 | D:5      | Reached XP level 7. HP: 45/45 MP: 8/12
  4324 | D:5      | Shot with an arrow by a centaur

Vault maps used:
D:1:      erik_arrival_orb_chamber
D:2:      first_bread, minmay_misc_feat_encased
D:3:      nicolae_overflow_hidden_temple, serial_bayou_pond_c, xom_teletrap_fun
D:4:      kennysheep_little_box, old_standard_altar, led_sif_pool,
          kennysheep_generic_room_4
D:5:      grunt_qazlal_clouds, due_unseen_surprise

Action                   |  1- 3 |  4- 6 |  7- 9 || total
-------------------------+-------+-------+-------++-------
Melee: Unarmed           |   138 |   129 |     9 ||   276
 Cast: Beastly Appendage |    26 |    19 |       ||    45
       Spider Form       |       |     9 |     1 ||    10
  Use: Potion            |       |     2 |       ||     2
       Scroll            |       |     3 |       ||     3
 Stab: Sleeping          |     8 |     7 |       ||    15
  Eat: Chunk             |     3 |    13 |       ||    16
